Map: 이페머론 - 래더

Players

Maru - Winner!

  • Race: Terran Terran
  • Spawn Location: 11:00

Solar

  • Race: Zerg Zerg
  • Spawn Location: 5:00

Event: IEM Katowice 2020

VOD

Have the link to the VOD?

Description

Time

  • Played on: Feb. 28, 2020, 7 a.m.
  • Length: 8:17

All games in this series

Show
View Real Time Build Order
Export as new Build Order

Maru Terran - Winner!

Build Orders: Liberator Opening, Reaper Expand 

Get SALT Encoding   

  12  0:00  SCV  
  13  0:12  SCV  
  14  0:17  Supply Depot  
  14  0:25  SCV  
  15  0:38  SCV  
  15  0:39  Barracks  
  16  0:43  Refinery  
  16  0:50  SCV  
  17  1:02  SCV  
  18  1:14  SCV  
  19  1:25  Reaper  
  19  1:26  Orbital Command  
  20  1:39  Command Center  
  20  1:52  SCV  
  20  1:53  Supply Depot  
  21  1:57  Marine  
  22  2:04  SCV  
  22  2:08  Factory  
  23  2:16  SCV  
  23  2:18  Refinery  
  23  2:20  Barracks Reactor  
  24  2:29  SCV  
  25  2:41  SCV  
  26  2:52  Orbital Command, Starport  
  26  2:56  SCV  
  27  3:02  Hellion  
  27  3:03  Hellion  
  31  3:08  SCV  
  32  3:18  SCV  
  32  3:20  SCV  
  32  3:24  Hellion x2  
  37  3:29  Viking  
  37  3:30  Supply Depot  
  37  3:31  SCV  
  37  3:33  SCV, Barracks Tech Lab  
  41  3:43  SCV  
  41  3:45  Hellion x2  
  46  3:52  SCV  
  46  3:55  Supply Depot  
  47  3:56  SCV  
  47  3:59  Liberator  
  51  4:04  SCV  
  51  4:08  Marine  
  51  4:09  Stimpack  
  53  4:10  SCV  
  53  4:16  SCV  
  53  4:17  Hellion x2  
  59  4:21  Supply Depot  
  59  4:22  SCV  
  60  4:28  SCV  
  61  4:35  Command Center  
  61  4:41  SCV  
  61  4:43  SCV  
  63  4:49  Supply Depot  
  63  4:50  Barracks  
  63  4:53  SCV, Marine  
  63  4:55  Starport Reactor, Factory Reactor, Barracks  
  63  4:58  SCV  
  66  5:05  SCV  
  67  5:07  Engineering Bay x2  
  67  5:10  SCV  
  67  5:11  Marine  
  66  5:18  SCV  
  63  5:22  SCV  
  57  5:29  Marine  
  57  5:30  SCV  
  57  5:34  Terran Infantry Weapons Level 1, Terran Infantry Armor Level 1  
  57  5:35  SCV  
  56  5:42  SCV, Refinery  
  55  5:47  SCV, Marine  
  55  5:48  Marine x2  
  55  5:49  Orbital Command  
  59  5:50  Combat Shield  
  59  5:52  Barracks  
  59  5:53  Barracks  
  59  5:56  Medivac x2  
  63  5:58  Factory Tech Lab  
  63  6:00  SCV  
  63  6:04  Marine x2  
  65  6:05  Refinery, Marine x2  
  65  6:08  SCV  
  65  6:09  Supply Depot  
  69  6:14  Marine  
  70  6:19  SCV, Siege Tank  
  70  6:20  Orbital Command  
  70  6:21  SCV, Marine x2  
  70  6:23  Marine x2  
  79  6:31  SCV  
  79  6:32  Marine  
  81  6:33  SCV  
  81  6:38  Medivac x2  
  81  6:39  Supply Depot, Marine x2  
  88  6:41  Marine x2  
  88  6:43  SCV  
  88  6:45  SCV  
  92  6:47  SCV  
  92  6:48  Supply Depot  
  92  6:50  Barracks Reactor  
  92  6:51  Barracks Reactor  
  93  6:55  Armory, SCV, Marine  
  93  6:57  SCV, Marine x2  
  93  6:59  Marine x2  
  93  7:00  SCV  
  101  7:05  Supply Depot  
  101  7:06  Supply Depot, Siege Tank  
  101  7:08  SCV  
  105  7:09  SCV  
  105  7:12  SCV  
  105  7:13  Marine  
  105  7:15  Supply Depot, Marine  
  109  7:18  Marine x3  
  109  7:19  Medivac  
  109  7:20  SCV  
  115  7:23  SCV  
  115  7:24  Refinery  
  115  7:26  Refinery  
  115  7:27  SCV  
  117  7:31  Marine  
  117  7:34  Supply Depot  
  117  7:35  Marine x5  
  117  7:36  Marine x3  
  126  7:49  Marine  
  128  7:51  SCV  
  128  7:52  Marine  
  128  7:53  Supply Depot, Marine x4  
  128  7:54  Marine  
  126  8:15  Command Center  
Show
View Real Time Build Order
Export as new Build Order

Solar Zerg 

Build Orders: Pool First, Muta Ling Bane 

Get SALT Encoding   

  12  0:01  Drone  
  13  0:13  Overlord  
  13  0:17  Drone  
  14  0:31  Drone x2  
  14  0:35  Drone  
  17  0:45  Spawning Pool, Extractor  
  17  0:49  Drone  
  16  0:56  Drone  
  17  1:07  Drone  
  18  1:17  Hatchery  
  17  1:21  Drone  
  18  1:32  Queen  
  18  1:36  Zergling x2  
  21  1:43  Overlord  
  21  1:49  Metabolic Boost  
  21  1:54  Drone  
  22  2:06  Drone  
  22  2:08  Queen  
  23  2:12  Drone  
  26  2:22  Drone  
  27  2:30  Drone  
  27  2:32  Drone  
  29  2:43  Drone x4  
  32  2:50  Queen  
  34  2:56  Overlord  
  34  2:57  Drone  
  35  3:05  Drone  
  36  3:08  Hatchery  
  36  3:09  Drone  
  36  3:15  Drone x2  
  36  3:16  Drone x3  
  41  3:21  Pneumatized Carapace  
  41  3:24  Drone  
  41  3:26  Overlord  
  42  3:32  Queen  
  44  3:40  Overlord  
  44  3:45  Zergling x6  
  47  3:50  Drone x2  
  47  3:52  Zergling x2  
  47  3:55  Overlord  
  50  3:58  Drone x2  
  50  4:00  Zergling x4  
  54  4:08  Queen, Drone  
  54  4:09  Drone  
  58  4:18  Drone  
  58  4:20  Baneling Nest  
  58  4:21  Spore Crawler, Drone  
  58  4:22  Spore Crawler, Queen  
  58  4:23  Drone  
  60  4:26  Drone x3  
  64  4:31  Zergling x4  
  64  4:37  Drone  
  64  4:38  Extractor  
  65  4:39  Extractor  
  65  4:40  Overlord  
  65  4:41  Overlord  
  64  4:46  Lair  
  64  4:47  Drone x2  
  64  4:49  Overlord  
  66  4:57  Overlord  
  66  5:02  Zergling x4, Drone x2  
  66  5:03  Drone x2  
  66  5:05  Drone  
  73  5:12  Zergling x4  
  74  5:16  Zergling x6  
  70  5:23  Zergling x4  
  70  5:28  Drone  
  64  5:31  Drone  
  64  5:32  Drone x2  
  64  5:34  Drone  
  64  5:36  Drone  
  64  5:39  Drone  
  64  5:41  Drone  
  65  5:43  Drone  
  65  5:46  Overseer  
  65  5:49  Drone  
  67  5:51  Centrifical Hooks, Extractor  
  67  5:52  Drone  
  67  5:53  Extractor  
  67  5:54  Drone  
  67  6:01  Drone  
  67  6:03  Drone  
  69  6:05  Drone, Extractor  
  69  6:08  Drone  
  69  6:09  Drone x2  
  72  6:12  Drone  
  72  6:15  Drone  
  72  6:16  Drone  
  72  6:17  Drone, Spire  
  72  6:18  Drone x2  
  76  6:21  Overlord  
  76  6:25  Drone x3  
  80  6:28  Zergling x4  
  82  6:33  Overlord  
  82  6:38  Baneling x5  
  82  6:39  Baneling  
  82  6:40  Drone x2, Baneling  
  82  6:41  Drone x2  
  82  6:42  Drone  
  87  6:47  Drone x2  
  87  6:48  Drone x2  
  87  6:49  Zergling x8  
  87  6:51  Zergling x2, Evolution Chamber x2  
  93  6:59  Overlord  
  93  7:00  Zergling x2  
  94  7:04  Zergling x2  
  94  7:07  Overlord  
  94  7:08  Zergling x4  
  97  7:13  Drone  
  97  7:14  Zergling x4  
  100  7:28  Overlord  
  100  7:29  Mutalisk x7  
  112  7:33  Mutalisk  
  116  7:37  Overlord x2  
  116  7:38  Hatchery  
  116  7:39  Zergling x2  
  116  7:40  Zergling x4  
  118  7:46  Overlord  
  118  7:47  Zergling x2  
  118  7:48  Zergling x4  
  118  7:49  Overseer  
  118  7:50  Baneling x3  
  118  7:51  Overlord x3  
  122  7:57  Zergling x6  

Tags
 
Add a new tag
Caveats
  • Supply blocks, unpowered buildings, or Contaminate may cause inaccurate times.
  • Supply counts are checked every 10 seconds.